 Dungeon Crawl Stone Soup version 0.30-a0-596-g0af90f9a20 (webtiles) character file.

Game seed: 12198343380983601220

1580 spardeous the Nimble (level 8, -8/31 HPs)
             Began as a Felid Earth Elementalist on Jan 7, 2023.
             Was an Initiate of Gozag.
             Mangled by an orc warrior
             ... wielding a +0 dire flail
              (11 damage)
             ... on level 8 of the Dungeon.
             The game lasted 00:15:24 (8280 turns).

spardeous the Nimble (Felid Earth Elementalist)     Turns: 8280, Time: 00:15:25

Health: -8/31      AC:  2    Str: 10    XL:     8   Next: 60%
Magic:  6/16       EV: 24    Int: 19    God:    Gozag
Gold:   848        SH:  0    Dex: 16    Spells: 9/17 levels left
                                        Lives:  0   Deaths: 2

rFire   . . .      SeeInvis +    (weapon unavailable)
rCold   + . .      Faith    .    (shield unavailable)
rNeg    . . .      Spirit   .    (body armour unavailable)
rPois   .          Reflect  .    (helmet unavailable)
rElec   .          Harm     .    (cloak unavailable)
rCorr   .          Rampage  .    (gloves unavailable)
Will    +....                    (boots unavailable)
Stlth   ++                       (no amulet)
HPRegen 0.25/turn                s - +6 ring of strength
MPRegen 0.15/turn                x - ring of protection from cold

@: gold aura, quick
A: very small, claws 1, fangs 3, see invisible, speed 1, shaggy fur 2, stealthy
paws, no weapons or thrown items, no armour, multi-lived
a: Renounce Religion, Potion Petition, Call Merchant, Bribe Branch


You were on level 8 of the Dungeon.
You worshipped Gozag.
Gozag was pleased with you.
You visited 2 branches of the dungeon, and saw 9 of its levels.

You collected 901 gold pieces.
You paid 53 gold pieces to Gozag.

Inventory:

Jewellery
 s - a +6 ring of strength (left paw)
 x - a ring of protection from cold (right paw)
 z - a ring of resist corrosion
 E - a +6 ring of dexterity
Wands
 q - a wand of charming (7)
 v - a wand of polymorph (5)
 w - a wand of mindburst (9)
 D - a wand of iceblast (8)
Scrolls
 c - a scroll of blinking {unknown}
 e - a scroll of poison {unknown}
 f - 4 scrolls of magic mapping {unknown}
 h - a scroll of fog {unknown}
 j - 10 scrolls of identify {unknown}
 l - 3 scrolls of teleportation {unknown}
 o - 3 scrolls of immolation {unknown}
 p - 2 scrolls of enchant weapon {unknown}
 y - a scroll of amnesia {unknown}
 B - a scroll of enchant armour {unknown}
 C - a scroll of noise {unknown}
Potions
 a - 2 potions of magic
 b - a potion of might {unknown}
 d - 2 potions of cancellation {unknown}
 g - 5 potions of attraction {unknown}
 i - 2 potions of ambrosia {unknown}
 k - 2 potions of heal wounds {unknown}
 m - a potion of flight {unknown}
 n - a potion of lignification {unknown}
 r - a potion of haste {unknown}
 t - a potion of brilliance {unknown}
 u - a potion of mutation {unknown}
 A - a potion of curing {unknown}


   Skills:
 + Level 11.5 Dodging
 - Level 2.6 Stealth
 - Level 5.0 Spellcasting
 - Level 1.1 Transmutations
 + Level 8.4 Earth Magic


You had 9 spell levels left.
You knew the following spells:

 Your Spells              Type           Power      Damage    Failure   Level
a - Sandblast             Erth           74%        2d16      1%          1
b - Stone Arrow           Conj/Erth      40%        3d9       7%          3
c - Petrify               Tmut/Erth      22%        N/A       17%         4

Your spell library contained the following spells:

 Spells                   Type           Power      Damage    Failure   Level
 Passwall                 Tmut/Erth      18%        N/A       2%          2
 Slow                     Hex            16%        N/A       12%         1
 Wereblood                Tmut           8%         N/A       12%         2
 Static Discharge         Conj/Air       8%         2-3/arc   19%         2
 Sublimation of Blood     Necr           4%         N/A       19%         2
 Confusing Touch          Hex            4%         N/A       36%         3
 Hailstorm                Conj/Ice       4%         3d4       36%         3
 Vampiric Draining        Necr           4%         2d6       36%         3
 Vhi's Electric Charge    Tloc/Air       8%         N/A       36%         3
 Ice Form                 Ice/Tmut       6%         N/A       69%         4
 Arcjolt                  Conj/Air       2%         1d12      98%         5
 Lightning Bolt           Conj/Air       2%         1d13      98%         5
 Summon Hydra             Summ           2%         N/A       100%        7
 Simulacrum               Ice/Necr       Unusable   N/A       N/A         6

Dungeon Overview and Level Annotations

Branches:
Dungeon (8/15)             Temple (1/1) D:5
   Lair: D:8-11

Altars:
Ashenzari
Cheibriados
Dithmenos
Elyvilon
Gozag
Hepliaklqana
Kikubaaqudgha
Nemelex Xobeh
Okawaru
Sif Muna
Trog
Uskayaw
Xom
Zin
The Shining One


Innate Abilities, Weirdness & Mutations

You have sharp claws.
You have razor-sharp teeth.
You have supernaturally acute eyesight. (SInv)
You cover ground quickly. (Speed+)
You are covered in thick fur. (AC +2)
Your paws help you pounce on unaware monsters.
You are incapable of wielding weapons or throwing items.
You cannot wear armour.
You gain extra lives every three experience levels.


Message History

Aim: an orc, wielding a +0 falchion (84% to hit)
The blast of sand hits the orc warrior!
The orc warrior is heavily wounded.
The orc warrior misses you.
Casting: Sandblast (safe; 1% risk of failure)
Confirm with . or Enter, or press ? or * to list all spells.
Aiming: Sandblast (safe; 1% risk of failure)
Press: ? - help, Shift-Dir - straight line, f/p - orc
Aim: an orc, wielding a +0 falchion (84% to hit)
The blast of sand hits the orc warrior but does no damage.
The orc warrior is heavily wounded.
The orc is no longer distracted by gold.
The orc warrior misses you. The orc warrior completely misses you.
You scratch the orc but do no damage. You bite the orc, but do no damage.
The orc hits you with a +0 dagger.
* * * LOW HITPOINT WARNING * * *
The orc warrior completely misses you.
Casting: Sandblast (safe; 1% risk of failure)
Confirm with . or Enter, or press ? or * to list all spells.
Aiming: Sandblast (safe; 1% risk of failure)
Press: ? - help, Shift-Dir - straight line, f - orc, p - orc
Aim: an orc, wielding a +0 dagger and wearing a +0 ring mail (86% to hit)
The blast of sand hits the orc!
You kill the orc!
The orc warrior misses you.
You closely miss the orc. Your bite misses the orc.
The orc hits you with a +0 club.
* * * LOW HITPOINT WARNING * * *
The orc warrior completely misses you.
Casting: Sandblast (safe; 1% risk of failure)
Confirm with . or Enter, or press ? or * to list all spells.
Aiming: Sandblast (safe; 1% risk of failure)
Press: ? - help, Shift-Dir - straight line, f - orc
Aim: an orc, wielding a +0 club and wearing a +0 scale mail (86% to hit)
The blast of sand hits the orc.
The orc is severely wounded.
The orc barely misses you.
The orc warrior hits you with a +0 dire flail!
You die...
Your body crumbles into a pile of gold.

#.# #.# # #.# .#
#.###.###
##........
#.........
######....$..n.
#.@ooho..$...o.
##o####.#.#####.
#.n.......#
#..####.### #..#
#.# #..# #.#
#..####.#
#.....#..
#.....#


You could see 2 orc warriors, a black bear, a necrophage and 2 orcs.

Vanquished Creatures
  Sigmund (D:6)
  3 steam dragons
  3 water moccasins
  2 orc warriors
  An ice beast (D:7)
  An ogre (D:4)
  3 centaurs (D:7)
  A phantom (D:4)
  4 bullfrogs (D:7)
  A gnoll sergeant (D:6)
  3 scorpions
  4 wights (D:6)
  2 hounds
  5 orc priests
  2 jellies (D:7)
  2 iguanas
  6 orc wizards
  5 gnolls
  6 adders
  A white imp (D:5)
  2 ufetubi
  2 worms
  4 dart slugs
  31 orcs
  7 endoplasms
  3 giant cockroaches
  4 goblins
  8 hobgoblins
  2 jackals (D:3)
  5 kobolds
  3 quokkas
  10 ball pythons
  8 bats
  3 frilled lizards
  5 rats
153 creatures vanquished.

Notes
Turn   | Place    | Note
-------+----------+-------------------------------------------
     0 | D:1      | spardeous the Felid Earth Elementalist began the quest for
                  | the Orb.
     0 | D:1      | Reached XP level 1. HP: 7/7 MP: 4/4
   123 | D:1      | Reached skill level 3 in Dodging
   227 | D:1      | Reached XP level 2. HP: 8/11 MP: 1/6
   511 | D:3      | Reached XP level 3. HP: 14/14 MP: 2/7
   570 | D:4      | Noticed an ogre
   583 | D:4      | Reached skill level 4 in Dodging
   626 | D:4      | Killed an ogre
   627 | D:4      | Reached skill level 5 in Dodging
   627 | D:4      | Reached XP level 4. HP: 18/18 MP: 2/8
   627 | D:4      | Reached XP level 5. HP: 21/21 MP: 2/9
   863 | D:4      | Reached skill level 6 in Dodging
  1059 | D:4      | Gained mutation: You are covered in thick fur. (AC +2)
                  | [Felid growth]
  1059 | D:4      | Reached XP level 6. HP: 24/24 MP: 5/10
  1292 | D:4      | Reached skill level 5 in Earth Magic
  1580 | D:5      | Entered Level 5 of the Dungeon
  1732 | D:5      | Identified the +1 leather armour of the Armoured One {rF+
                  | rC+ Dex+5}
  1773 | D:5      | Reached skill level 7 in Dodging
  1911 | D:5      | Found a staircase to the Ecumenical Temple.
  1920 | Temple   | Entered the Ecumenical Temple
  1928 | Temple   | Became a worshipper of Gozag Ym Sagoz the Greedy
  2302 | D:5      | Reached XP level 7. HP: 23/27 MP: 6/11
  4520 | D:1      | You fall into a shaft and drop 1 floor!
  5234 | D:3      | Learned a level 3 spell: Stone Arrow
  5239 | D:3      | Learned a level 4 spell: Petrify
  5334 | D:6      | Noticed Sigmund
  5350 | D:6      | Killed Sigmund
  5351 | D:6      | Reached skill level 8 in Dodging
  5613 | D:6      | Slain by a wight
  5614 | D:6      | Reached XP level 6. HP: 0/20 MP: 9/11
  5620 | D:6      | Reached XP level 7. HP: 27/27 MP: 10/12
  5994 | D:6      | Reached skill level 9 in Dodging
  6393 | D:6      | Reached XP level 8. HP: 25/31 MP: 10/15
  6761 | D:7      | Reached skill level 10 in Dodging
  6911 | D:7      | Reached skill level 5 in Spellcasting
  7133 | D:7      | HP: 1/31 [something (17)]
  7412 | D:7      | Killed from afar by an orc priest
  7413 | D:7      | Reached XP level 7. HP: -10/27 MP: 12/15
  7439 | D:7      | Reached XP level 8. HP: 23/31 MP: 10/16
  7471 | D:7      | Reached skill level 11 in Dodging
  8280 | D:8      | Mangled by an orc warrior

Illustrated notes

Levels and vault maps discovered:
D:1:      psy_arrival_whirlpool, layout_basic, hangedman_decor_peaks_small
D:2:      layout_basic
D:3:      layout_basic, interstate_on_off, chequers_serial_rivers_small_3,
          st_stairs_11
D:4:      layout_rooms, skrybe_limestone_x
D:5:      layout_loops_corners, minmay_temple_entry_statues_pillars
D:6:      layout_rooms, kennysheep_cluttered_room, uniq_sigmund
D:7:      nicolae_whirlpool, layout_basic, nicolae_benzene_ring
D:8:      layout_loops_ring, grunt_temple_overflow_cloverleaf, enter_bailey_5,
          kennysheep_generic_room_5
Temple:   dpeg_three_leaves_temple

Skill      XL: |  1  2  3  4  5  6  7  8 |
---------------+-------------------------+-----
Dodging        | 3 5 6 7 9 11 | 11.5
Earth Magic    | 3 4 5 6 8 |  8.4
Spellcasting   | 4 5 |  5.0
Stealth        | |  2.6
Transmutations | |  1.1

Action                   |  1- 3 |  4- 6 |  7- 9 || total
-------------------------+-------+-------+-------++-------
Melee: Unarmed           |     3 |     3 |     5 ||    11
       Bite              |       |     1 |     1 ||     2
 Cast: Sandblast         |    37 |    92 |   235 ||   364
Armor: Skin              |     2 |     4 |    12 ||    18
Dodge: Dodged            |    37 |    65 |   121 ||   223

Table legend: (Time is in decaauts)
 A = Elapsed time spent in this place.
 B = Non-inter-level travel time spent in this place.
 C = Inter-level travel time spent in this place.
 D = Time resting spent in this place.
 E = Time spent auto-exploring this place.
 F = Levels seen in this place.
 G = Mean time per level.
                   A        B        C        D        E       F      G
               +--------+--------+--------+--------+--------+-----+--------+
         Total |   7445 |   6903 |    542 |    547 |   4818 |   9 |  827.2 |
       Dungeon |   7433 |   6891 |    542 |    547 |   4818 |   8 |  929.1 |
        Temple |     12 |     12 |      0 |      0 |      0 |   1 |   12.0 |
               +--------+--------+--------+--------+--------+-----+--------+

Top non-repeatable levels by time:
     D:7: 1449 daAuts
     D:5: 1143 daAuts
     D:6: 1142 daAuts
     D:3: 1004 daAuts
     D:4: 974 daAuts
     D:1: 825 daAuts
     D:2: 812 daAuts
     D:8: 80 daAuts
  Temple: 12 daAuts
